Cogmind - Beta 14 @@@ ROGUE MODE // 2024.11.10 @ 06:41:00 Player: WazdakkaGutsmek Result: Core destroyed Performance ------------- Evolutions (3) 1500 Regions Visited (12) 2400 Robots Destroyed (164) 820 Value Destroyed (7740) 7740 Prototype IDs (30) 600 Alien Tech Used (0) 0 Bonus (4404) 4404 TOTAL SCORE: 17464 Bonus ------- Triggered High Security 500 High Alert Combat Kills 1858 Follower Combat Kills 1267 Entered Garrisons 400 Used RIF Installer 1000 Aligned with FarCom 300 Friendly Fire -921 Cogmind --------- Core Integrity 0/700 Matter 71/300 Energy 284/325 System Corruption 8% Temperature Critical (514) Movement Core (2200) Ox43 Location -7/Factory Parts ------- > --- POWER (1) -------- Antimatter Reactor > --- PROPULSION (4) --- Armored Treads > --- UTILITY (6) ------ Huge Storage Unit Improved Medium Armor Plating Improved Medium Armor Plating Relay Coupler [Swarmer] (17) Relay Coupler [Grunt] (3) > --- WEAPON (2) ------- Matter Neutralizer Micro-nuke Launcher > --- INVENTORY (25) --- Antimatter Reactor Superbattery (1500) Improved Transmission Jammer Layered Heavy Armor Plating Relay Coupler [NC] (22) Relay Coupler [NC] (33) Relay Coupler [Swarmer] (46) Relay Coupler [Grunt] (30) Relay Coupler [Grunt] (33) Relay Coupler [Behemoth] (11) Heavy Phase Cannon Mass Driver Heavy Mass Driver Heavy Gauss Cannon Heavy Linear Accelerator Smartbomb Launcher Remote Datajack Improved Remote Datajack Peak State ------------ > --- POWER ------------ Antimatter Reactor > --- PROPULSION ------- Armored Treads Armored Treads Improved Heavy Treads > --- UTILITY ---------- Improved Coolant Injector Huge Storage Unit Improved Medium Armor Plating Improved Medium Armor Plating Relay Coupler [Swarmer] Relay Coupler [Grunt] > --- WEAPON ----------- Heavy Phase Cannon Heavy Gauss Cannon > --- INVENTORY -------- Antimatter Reactor Superbattery Improved Transmission Jammer Improved Medium Armor Plating Improved Medium Armor Plating Layered Heavy Armor Plating Relay Coupler [NC] Relay Coupler [NC] Relay Coupler [Swarmer] Relay Coupler [Grunt] Relay Coupler [Grunt] Relay Coupler [Behemoth] Matter Neutralizer Mass Driver Heavy Mass Driver Heavy Linear Accelerator Smartbomb Launcher Micro-nuke Launcher Remote Datajack Remote Datajack Improved Remote Datajack [Rating: 74] Favorites ----------- Power Heavy Ion Engine Engine Heavy Ion Engine Power Core Micro Fission Core Reactor Antimatter Reactor Propulsion Light Treads Treads Light Treads Leg Improved Aluminum Leg Wheel Armored Wheel Utility Huge Storage Unit Device Improved Coolant Injector Storage Huge Storage Unit Processor Melee Analysis Suite Hackware Hacking Suite Protection Hardened Heavy Armor Plating Weapon Advanced Plasma Cannon Energy Gun Medium Laser Energy Cannon Advanced Plasma Cannon Ballistic Gun Shotgun Ballistic Cannon Heavy Gauss Cannon Launcher Mini Grenade Launcher Special Weapon Remote Datajack Slashing Weapon Katana Build | -11 -10 -10 -9 -9 -9 -8 -8 -8 -8 -7 -7 -7 ------- Run | Yrd Mat Min Mat Min Exi Min Mat Gar Mat Fac Gar Fac Slots Evolved 6 | . . . 2 . . . 2 . . 2 . . Power . | . . . . . . . . . . . . . Propulsion 2 | . . . . . . . . . . 2 . . Utility 4 | . . . 2 . . . 2 . . . . . Weapon . | . . . . . . . . . . . . . Parts Attached 143 | . 11 1 7 . . 2 10 31 19 16 35 11 Power 12 | . 3 . 1 . . . 1 1 2 2 2 . Engine 10 | . 3 . 1 . . . 1 1 2 1 1 . Core 1 | . . . . . . . . . . 1 . . Reactor 1 | . . . . . . . . . . . 1 . Propulsion 26 | . 3 . 2 . . . 2 6 1 5 7 . Treads 15 | . 3 . 2 . . . 2 1 . 3 4 . Leg 6 | . . . . . . . . 3 . . 3 . Wheel 5 | . . . . . . . . 2 1 2 . . Hover . | . . . . . . . . . . . . . Flight . | . . . . . . . . . . . . . Utility 48 | . 2 1 2 . . . 4 10 9 5 11 4 Device 7 | . 1 . . . . . . 1 2 2 1 . Storage 5 | . 1 1 1 . . . . 1 . 1 . . Processor 3 | . . . . . . . . 2 . . 1 . Hackware 11 | . . . 1 . . . 1 3 2 . 4 . Protection 22 | . . . . . . . 3 3 5 2 5 4 Artifact . | . . . . . . . . . . . . . Weapon 57 | . 3 . 2 . . 2 3 14 7 4 15 7 Energy Gun 7 | . 3 . . . . . 1 3 . . . . Energy Cannon 8 | . . . . . . . 1 . 2 2 2 1 Ballistic Gun 8 | . . . 2 . . 1 1 4 . . . . Ballistic Cannon 11 | . . . . . . . . 3 . . 6 2 Launcher 9 | . . . . . . 1 . 2 2 2 . 2 Special Weapon 11 | . . . . . . . . 1 2 . 6 2 Impact Weapon . | . . . . . . . . . . . . . Slashing Weapon 3 | . . . . . . . . 1 1 . 1 . Piercing Weapon . | . . . . . . . . . . . . . Special Melee Weapon . | . . . . . . . . . . . . . Unidentified Prototypes 2 | . . . 1 . . . . . 1 . . . Parts Lost 34 | . 2 . 4 . . . 4 9 . 6 6 3 Power 3 | . 1 . . . . . . 1 . 1 . . Propulsion 10 | . . . 2 . . . . 3 . 1 2 2 Utility 10 | . . . . . . . 2 3 . 2 2 1 Weapon 11 | . 1 . 2 . . . 2 2 . 2 2 . Highest Loss Streak 5 | . 2 . 4 . . . 2 4 . 4 5 3 To Critical Strikes . | . . . . . . . . . . . . . Average Slot Usage (%) 80 | . 81 85 73 88 88 88 83 74 87 79 78 88 Engine 5 | . 7 . 1 11 11 11 9 8 9 5 1 . Reactor 1 | . . . . . . . . . . . 2 7 Treads 13 | . 21 28 20 22 22 22 18 3 . 11 14 22 Leg 2 | . 5 . . . . . . 8 . . 2 . Wheel 2 | . . . . . . . . 2 18 6 . . Device 10 | . 5 14 11 11 11 11 9 6 12 19 8 6 Storage 7 | . 14 14 9 11 11 11 9 4 9 7 7 7 Processor 1 | . . . . . . . . 9 . . . . Hackware 7 | . . . 10 11 11 11 17 7 5 . 8 15 Protection 8 | . . . . . . . 5 6 15 10 12 12 Energy Gun 1 | . 25 28 7 . . . 2 1 . . . . Energy Cannon 4 | . . . . . . . . . 8 14 3 7 Ballistic Gun 4 | . . . 12 22 22 21 12 2 . . . . Ballistic Cannon 2 | . . . . . . . . 3 . . 4 5 Special Weapon 1 | . . . . . . . . 2 1 . 3 . Slashing Weapon 1 | . . . . . . . . 5 4 . 1 . Peak Build Rating 74 | 6 7 6 15 15 18 18 36 44 53 63 74 74 Average Rating 42 | 6 5 6 10 15 16 18 25 29 46 59 59 73 On Entrance 27 | 6 6 6 6 15 15 18 18 34 44 50 62 71 Naked Turns . | . . . . . . . . . . . . . Heaviest Build 139 | 14 19 84 95 95 95 95 105 114 131 133 133 139 Greatest Support 115 | 20 40 40 40 40 40 40 40 40 24 110 115 115 Greatest Overweight (x) 43 | . 4 2 2 2 2 2 2 32 8 3 40 43 Average Overweight (x) 1 | . . . 1 2 2 2 2 1 4 1 1 1 Largest Inventory Capacity 25 | 8 10 25 25 25 25 25 25 25 25 25 25 25 Average Capacity 22 | 8 9 19 22 25 25 25 25 14 25 25 25 25 Most Carried 25 | 6 7 4 8 8 11 13 17 24 25 25 25 25 Average Carried 16 | 6 3 2 4 8 9 12 14 8 23 22 22 24 Final Capacity 25 | 8 10 25 25 25 25 25 25 25 25 25 25 25 Final Carried 25 | 6 3 2 8 8 11 13 17 24 22 19 25 22 Class Distribution -------------------- 52% | Mutant 20% | Bothacker-Mutant 19% | Scavenger-Mutant 3% | Commander-Mutant 3% | Hacker-Mutant Dominant Class ---------------- Mutant | -10/Materials Mutant | -10/Mines Mutant | -9/Materials Mutant | -9/Mines Mutant | -9/Exiles Mutant | -8/Mines Hacker-Mutant | -8/Materials Scavenger-Mutant | -8/Garrison Mutant | -8/Materials Mutant | -7/Factory Bothacker-Mutant | -7/Garrison Bothacker-Mutant | -7/Factory Resources | -11 -10 -10 -9 -9 -9 -8 -8 -8 -8 -7 -7 -7 ----------- Run | Yrd Mat Min Mat Min Exi Min Mat Gar Mat Fac Gar Fac Matter Collected 3462 | 200 110 10 137 32 . 168 363 766 342 234 810 290 Remotely . | . . . . . . . . . . . . . Salvage Created 6936 | . 428 . 500 47 . 270 869 930 409 1367 1424 692 Parts 296 | . 29 . 34 6 . 21 51 18 20 48 44 25 Haulers Intercepted 8 | . 1 . 1 . . . 1 . 1 2 . 2 Recyclers Shooed 1 | . . . . . . 1 . . . . . . Parts Field Recycled . | . . . . . . . . . . . . . Retrieved Matter . | . . . . . . . . . . . . . Parts Self-Destructed . | . . . . . . . . . . . . . Prevented . | . . . . . . . . . . . . . Kills | -11 -10 -10 -9 -9 -9 -8 -8 -8 -8 -7 -7 -7 ------- Run | Yrd Mat Min Mat Min Exi Min Mat Gar Mat Fac Gar Fac Combat Hostiles Destroyed 164 | . 10 . 12 3 . 14 14 41 7 28 16 19 Melee 6 | . . . . . . . . 4 . . 1 1 Guns 71 | . 10 . 9 3 . 8 12 29 . . . . Cannons 46 | . . . . . . . 1 4 2 19 14 6 AOE 38 | . . . 3 . . 6 1 4 5 8 . 11 Classes Destroyed 20 | . 5 . 2 . . 2 3 3 . 3 1 1 Worker 7 | . . . 1 . . . 2 . . 4 . . Builder 3 | . 1 . . . . . . . 1 . . 1 Tunneler 1 | . . . . . . 1 . . . . . . Hauler 8 | . 1 . 1 . . . 1 . 1 2 . 2 Recycler 4 | . . . . . . . 1 . 1 2 . . Mechanic 2 | . . . . . . . . . . . . 2 Operator 2 | . 1 . 1 . . . . . . . . . Watcher 2 | . . . . . . . . 1 . 1 . . Swarmer 31 | . 3 . 3 3 . 8 1 6 2 . 5 . Grunt 52 | . 7 . 6 . . 5 3 2 3 18 3 5 Brawler 7 | . . . . . . 1 . . 1 . . 5 Duelist 4 | . . . . . . . . . . 1 . 3 Protector 2 | . . . . . . . . . . 1 . 1 Sentry 16 | . . . 3 . . . 7 . 2 . 3 1 Demolisher 2 | . . . . . . . . . . 1 . 1 Specialist 4 | . . . . . . . 2 . . . 2 . Hunter 5 | . . . . . . . . 1 . 1 . 3 Programmer 9 | . . . . . . . 1 . . 6 2 . Heavy 1 | . . . . . . . . . . . 1 . Assembled 33 | . . . . . . . . 33 . . . . Thug 2 | . . . . . . . . . 1 . 1 . Best Kill Streak 27 | . 4 . 5 3 . 7 6 27 2 10 3 13 Combat Bots Only 26 | . 3 . 4 3 . 7 6 26 2 10 3 10 Max Kills in Single Turn 4 | . 1 . 4 1 . 2 1 2 3 2 1 4 Gunslinging 1 | . . . . . . 1 . 1 . . . . Exploded 3 | . . . 3 . . 2 1 2 2 2 . 3 Melee 1 | . . . . . . . . 1 . . 1 1 Uniques/NPCs Destroyed . | . . . . . . . . . . . . . Combat | -11 -10 -10 -9 -9 -9 -8 -8 -8 -8 -7 -7 -7 -------- Run | Yrd Mat Min Mat Min Exi Min Mat Gar Mat Fac Gar Fac Hostile Shots Fired 924 | . 46 . 78 7 . 48 53 141 17 125 247 162 Missed 258 | . 12 . 22 3 . 16 11 38 3 36 70 47 Damage Taken 10622 | . 361 . 723 31 . 389 643 1707 350 2316 1819 2283 Core 1583 | . 57 . 203 . . 84 54 301 132 122 202 428 Absorbed by Shields . | . . . . . . . . . . . . . Redirected to Shielding 4 | . . . . . . . . 4 . . . . Ignored by Resistances 26 | . . . . . . . . . . . 26 . Regen/Repaired (Parts) 333 | . . . . . . . . . 333 . . . Core Remaining (%) 54 | 100 . 77 . . . 28 . . 11 . . . Volleys Fired 433 | . 45 . 39 4 . 21 26 72 18 74 84 50 Largest 2 | . 2 . 2 2 . 2 2 2 2 2 2 2 Hottest 196 | . 90 . 90 46 . 53 91 67 196 196 196 195 Shots Fired 792 | . 78 . 73 8 . 42 73 158 26 144 117 73 Gun 367 | . 78 . 73 8 . 36 67 105 . . . . Cannon 338 | . . . . . . . 6 41 14 138 86 53 Launcher 41 | . . . . . . 6 . 4 10 6 . 15 Special 46 | . . . . . . . . 8 2 . 31 5 Kinetic 259 | . . . 30 8 . 36 44 86 . . 43 12 Thermal 419 | . 56 . 43 . . . 29 60 14 138 38 41 Explosive 40 | . . . . . . 6 . 4 10 5 . 15 Electromagnetic 28 | . 22 . . . . . . . . 1 5 . Robot Hit Streak 28 | . 14 . 11 3 . 8 9 28 11 13 9 9 Robot Miss Streak 8 | . 3 . 4 4 . 4 6 8 2 4 3 6 Penetration Max . | . . . . . . . . . . . . . Secondary Targets 7 | . 2 . . 1 . 2 . 2 . . . . Max Gunslinging Chain 1 | . 1 . . 1 . 1 . 1 . . . . Autonomous 84 | . . . . . . . 23 61 . . . . Shots Hit Robots 574 | . 45 . 54 4 . 32 57 140 13 94 92 43 Core Hits 335 | . 22 . 32 3 . 27 30 64 16 59 32 50 Critical Kills 5 | . . . 1 . . . . . . 2 1 1 Critical Parts Destroyed 1 | . . . . . . 1 . . . . . . Critical Strikes 19 | . 1 . 2 . . 1 . 6 . 2 6 1 Burn 2 | . 1 . 1 . . . . . . . . . Meltdown 4 | . . . . . . . . . . 2 1 1 Destroy 2 | . . . 1 . . 1 . . . . . . Blast 4 | . . . . . . . . 3 . . 1 . Sever 7 | . . . . . . . . 3 . . 4 . Melee Attacks 122 | . . . . . . . . 86 8 . 28 . Impact . | . . . . . . . . . . . . . Slashing 122 | . . . . . . . . 86 8 . 28 . Piercing . | . . . . . . . . . . . . . Sneak Attacks 4 | . . . . . . . . 1 3 . . . Combat Hostiles . | . . . . . . . . . . . . . Follow-up Attacks . | . . . . . . . . . . . . . Damage Inflicted 21614 | . 582 . 911 52 . 1123 1356 3824 1268 5454 3066 3978 Guns 4530 | . 582 . 768 52 . 463 1123 1542 . . . . Cannons 6444 | . . . . . . . 84 393 201 3294 1216 1256 Explosions 6882 | . . . 140 . . 642 149 234 847 2152 . 2718 Melee 3721 | . . . . . . . . 1651 220 . 1850 . Ramming 37 | . . . 3 . . 18 . 4 . 8 . 4 Kinetic 3218 | . . . 462 52 . 463 526 749 . . 664 302 Thermal 7949 | . 390 . 306 . . . 681 1186 201 3726 505 954 Explosive 6111 | . . . . . . 642 149 234 847 1521 . 2718 Electromagnetic 578 | . 192 . 140 . . . . . . 199 47 . Impact . | . . . . . . . . . . . . . Slashing 3721 | . . . . . . . . 1651 220 . 1850 . Piercing . | . . . . . . . . . . . . . Highest Corruption 8 | . . . . . . . 1 5 5 2 2 8 Average Corruption 2 | . . . . . . . 1 3 5 1 2 2 Corruption Purged . | . . . . . . . . . . . . . Corruption Blocked . | . . . . . . . . . . . . . Effects 134 | . . . . . . . . 42 24 11 39 18 Message Errors 29 | . . . . . . . . 9 5 1 9 5 Matter Fused 25 | . . . . . . . . 7 6 4 6 2 Heat Flow Errors 18 | . . . . . . . . 8 6 . 3 1 Energy Discharges 16 | . . . . . . . . 8 1 2 3 2 Parts Rejected 1 | . . . . . . . . . . . 1 . Parts Fused 1 | . . . . . . . . . . . 1 . Data Loss (minor) 20 | . . . . . . . . 4 1 3 7 5 Data Loss (major) 9 | . . . . . . . . 3 3 . 3 . Misfires 8 | . . . . . . . . 1 1 1 4 1 Alerts 3 | . . . . . . . . 1 1 . 1 . Weapon Failures 4 | . . . . . . . . 1 . . 1 2 Overload Shots . | . . . . . . . . . . . . . Overflow Damage 858 | . . . . . . 12 . 88 23 574 46 115 Projectiles 312 | . . . . . . . . . 13 232 18 49 Explosions 430 | . . . . . . 12 . . 10 342 . 66 Melee 116 | . . . . . . . . 88 . . 28 . Knockbacks 8 | . . . . . . . . 3 . 1 2 2 Impact 1 | . . . . . . . . . . 1 . . Kinetic 6 | . . . . . . . . 2 . . 2 2 Secondary 1 | . . . . . . . . 1 . . . . Self-Inflicted Damage 921 | . . . . . . . . 105 154 492 80 90 Shots 16 | . . . . . . . . 2 3 8 1 2 Rammed 9 | . . . 3 . . 2 . 1 . 3 . . Targets Rammed 10 | . . . 3 . . 2 . 1 . 3 . 1 Kicked . | . . . . . . . . . . . . . Crushed 1 | . . . . . . . . . . . . 1 Highest Temperature 767 | . 312 . 138 . . 13 210 263 228 256 198 767 Average Temperature 106 | . 92 . 50 . . 4 82 54 80 101 74 209 Received Heat Transfer 2546 | . 192 . 333 . . 153 171 416 126 513 411 231 Effects 25 | . . . . . . . . . . . . 25 Shutdowns 3 | . . . . . . . . . . . . 3 Energy Bleed 5 | . . . . . . . . . . . . 5 Matter Decay 2 | . . . . . . . . . . . . 2 Short Circuit 3 | . . . . . . . . . . . . 3 Damage (minor) 1 | . . . . . . . . . . . . 1 Damage (major) 9 | . . . . . . . . . . . . 9 Damage (core) 2 | . . . . . . . . . . . . 2 Siege Activations . | . . . . . . . . . . . . . Robots Corrupted . | . . . . . . . . . . . . . Combat Hostiles . | . . . . . . . . . . . . . Parts Fried . | . . . . . . . . . . . . . Impact Corruptions . | . . . . . . . . . . . . . Robots Melted 4 | . . . . . . . . . . 2 1 1 Combat Hostiles 3 | . . . . . . . . . . 1 1 1 Parts Melted 27 | . 2 . 2 . . . 2 1 1 16 3 . Heat Transferred 11084 | . 1174 . 904 . . . 888 1517 300 4775 620 906 Parts Sabotaged . | . . . . . . . . . . . . . Parts Stolen . | . . . . . . . . . . . . . Parts Stripped . | . . . . . . . . . . . . . Power Chain Reactions 2 | . . . 2 . . . . . . . . . Alert | -11 -10 -10 -9 -9 -9 -8 -8 -8 -8 -7 -7 -7 ------- Run | Yrd Mat Min Mat Min Exi Min Mat Gar Mat Fac Gar Fac Peak Influence 2672 | . 295 5 210 151 . 277 284 1638 1182 767 2672 2232 Initial 1402 | . . 5 1 81 . . 49 184 798 196 536 1402 Average 761 | . 136 5 80 149 . 134 120 802 635 406 1350 1674 Maximum Alert Level 5 | . 1 . 1 . . 1 1 5 4 3 5 5 Low Security (%) 21 | 100 63 100 77 100 . 78 78 2 . 12 . . Level 1 17 | . 36 . 22 . . 21 21 10 19 49 . . Level 2 17 | . . . . . . . . 40 36 23 12 . Level 3 15 | . . . . . . . . 20 40 14 26 . Level 4 15 | . . . . . . . . 22 2 . 29 45 Level 5 10 | . . . . . . . . 3 . . 30 33 High Security 1 | . . . . . . . . . . . . 21 Max Security . | . . . . . . . . . . . . . Squads Dispatched 33 | . 2 . 1 . . 1 5 . 1 9 . 14 Investigation 3 | . 1 . . . . . . . 1 . . 1 Extermination 7 | . . . . . . . . . . 6 . 1 Reinforcement 6 | . 1 . 1 . . 1 1 . . 1 . 1 Assault 13 | . . . . . . . . . . 2 . 11 Garrison 4 | . . . . . . . 4 . . . . . Intercept . | . . . . . . . . . . . . . Searches Triggered . | . . . . . . . . . . . . . Construction Impeded 2 | . . . . . . 1 . . . 1 . . Haulers Reinforced . | . . . . . . . . . . . . . Active Scanning Responses . | . . . . . . . . . . . . . Cargo Convoy Interrupts . | . . . . . . . . . . . . . Stealth | -11 -10 -10 -9 -9 -9 -8 -8 -8 -8 -7 -7 -7 --------- Run | Yrd Mat Min Mat Min Exi Min Mat Gar Mat Fac Gar Fac Distress Signals 8 | . 2 . 2 . . . . . 1 2 . 1 Communications Jammed . | . . . . . . . . . . . . . Distress Signals . | . . . . . . . . . . . . . Times Spotted 261 | . 15 . 17 2 . 14 15 52 14 39 37 56 Peak Tracking Total 18 | . 4 . 4 2 . 4 4 9 3 9 5 18 Tactical Retreats 8 | . 1 . 1 . . . 1 5 . . . . Traps | -11 -10 -10 -9 -9 -9 -8 -8 -8 -8 -7 -7 -7 ------- Run | Yrd Mat Min Mat Min Exi Min Mat Gar Mat Fac Gar Fac Traps Triggered 20 | . 3 . . . . . . 6 4 1 6 . Indirectly . | . . . . . . . . . . . . . Trap Hack Attempts . | . . . . . . . . . . . . . Triggered . | . . . . . . . . . . . . . Disarmed . | . . . . . . . . . . . . . Reprogrammed . | . . . . . . . . . . . . . Reused . | . . . . . . . . . . . . . Traps Extracted . | . . . . . . . . . . . . . Installed . | . . . . . . . . . . . . . Triggered . | . . . . . . . . . . . . . Objects Rigged 10 | . 2 . 7 . . . 1 . . . . . Exploded 2 | . . . 1 . . . 1 . . . . . Machines | -11 -10 -10 -9 -9 -9 -8 -8 -8 -8 -7 -7 -7 ---------- Run | Yrd Mat Min Mat Min Exi Min Mat Gar Mat Fac Gar Fac Machines Disabled 80 | . . . 4 . . 1 1 6 6 37 10 15 Max in Single Turn 7 | . . . 4 . . 1 1 2 2 7 2 3 Garrison Relay 6 | . . . . . . . . 3 . . 3 . Phase Generator 2 | . . . . . . . . 1 . . 1 . Machines Repaired . | . . . . . . . . . . . . . Machines Dismantled . | . . . . . . . . . . . . . Machines Sabotaged . | . . . . . . . . . . . . . Overloaded Fab Kills . | . . . . . . . . . . . . . Hacking | -11 -10 -10 -9 -9 -9 -8 -8 -8 -8 -7 -7 -7 --------- Run | Yrd Mat Min Mat Min Exi Min Mat Gar Mat Fac Gar Fac Machines Accessed 29 | . 5 . 2 . 1 . 2 4 7 5 1 2 Terminals 21 | . 5 . 2 . . . 1 4 6 1 1 1 Fabricators 3 | . . . . . . . . . . 2 . 1 Repair Stations 2 | . . . . . . . . . 1 1 . . Recycling Units . | . . . . . . . . . . . . . Scanalyzers . | . . . . . . . . . . . . . Garrison Access 2 | . . . . . . . 1 . . 1 . . Total Hacks 73 | . 12 . 9 . 1 . 6 7 26 7 2 3 Successful 39 | . 7 . 6 . 1 . 5 2 12 4 . 2 Failed 34 | . 5 . 3 . . . 1 5 14 3 2 1 Catastrophic 7 | . . . 1 . . . . 2 3 . 1 . Database Lockouts . | . . . . . . . . . . . . . Manual 28 | . 8 . 8 . 1 . 4 . 7 . . . Terminals 59 | . 12 . 9 . . . 3 7 22 3 2 1 Fabricators 4 | . . . . . . . . . . 2 . 2 Repair Stations 5 | . . . . . . . . . 4 1 . . Recycling Units . | . . . . . . . . . . . . . Scanalyzers . | . . . . . . . . . . . . . Garrison Access 4 | . . . . . . . 3 . . 1 . . Terminal Hacks 17 | . 3 . 2 . 1 . . 2 8 1 . . Robot Schematic 1 | . . . 1 . . . . . . . . . Prototype ID Bank 2 | . 1 . . . . . . . 1 . . . Open Door 1 | . . . . . . . . 1 . . . . Branch Access Points 1 | . . . 1 . . . . . . . . . Terminal Index 1 | . . . . . . . . . 1 . . . Unreport Threat 6 | . 1 . . . . . . . 4 1 . . Locate Traps 1 | . 1 . . . . . . . . . . . Zone Layout 2 | . . . . . . . . . 2 . . . Garrison Registry 1 | . . . . . . . . 1 . . . . Derelict Proto ID Bank 1 | . . . . . 1 . . . . . . . Fabricator Hacks 4 | . . . . . . . . . . 2 . 2 Load Schematic 2 | . . . . . . . . . . 1 . 1 Build 2 | . . . . . . . . . . 1 . 1 Repair Station Hacks 3 | . . . . . . . . . 3 . . . Scan Component 2 | . . . . . . . . . 2 . . . Repair 1 | . . . . . . . . . 1 . . . Recycling Unit Hacks . | . . . . . . . . . . . . . Scanalyzer . | . . . . . . . . . . . . . Garrison Access Hacks 3 | . . . . . . . 2 . . 1 . . Unlock Access 2 | . . . . . . . 1 . . 1 . . Coupler Status 1 | . . . . . . . 1 . . . . . Unauthorized Hacks 12 | . 4 . 4 . . . 3 . 1 . . . Terminals 11 | . 4 . 4 . . . 2 . 1 . . . Botnet 4 | . 2 . 1 . . . 1 . . . . . Detonate 4 | . 2 . 1 . . . 1 . . . . . Operators 1 | . . . . . . . . . 1 . . . Skim 2 | . . . 2 . . . . . . . . . Fabricators . | . . . . . . . . . . . . . Repair Stations . | . . . . . . . . . . . . . Recycling Units . | . . . . . . . . . . . . . Scanalyzers . | . . . . . . . . . . . . . Garrison Access 1 | . . . . . . . 1 . . . . . Restock 1 | . . . . . . . 1 . . . . . Data Cores Recovered . | . . . . . . . . . . . . . Used . | . . . . . . . . . . . . . Hacking Detections 24 | . 5 . 2 . . . 2 3 6 3 1 2 Full Trace Events 2 | . . . . . . . . . . . 1 1 Feedback Events . | . . . . . . . . . . . . . Feedback Blocked . | . . . . . . . . . . . . . Robot Schematics Acquired 1 | . . . 1 . . . . . . . . . Robots Built 3 | . . . . . . . . . . 2 . 1 Authchips . | . . . . . . . . . . . . . Time 139 | . . . . . . . . . . 58 . 81 Total Robot Build Rating 7 | . . . . . . . . . . 6 . 1 Part Schematics Acquired . | . . . . . . . . . . . . . Parts Built . | . . . . . . . . . . . . . Authchips . | . . . . . . . . . . . . . Time . | . . . . . . . . . . . . . Total Part Build Rating . | . . . . . . . . . . . . . Parts Repaired 1 | . . . . . . . . . 1 . . . Time 44 | . . . . . . . . . 44 . . . Parts Recycled . | . . . . . . . . . . . . . Recycled Matter . | . . . . . . . . . . . . . Retrieved Matter . | . . . . . . . . . . . . . Retrieved Components . | . . . . . . . . . . . . . Parts Scanalyzed . | . . . . . . . . . . . . . Part Schematics Acquired . | . . . . . . . . . . . . . Parts Damaged . | . . . . . . . . . . . . . Bothacking | -11 -10 -10 -9 -9 -9 -8 -8 -8 -8 -7 -7 -7 ------------ Run | Yrd Mat Min Mat Min Exi Min Mat Gar Mat Fac Gar Fac Used RIF Installer 2 | . . . . . . . . 1 . . 1 . Signal Jammer 1 | . . . . . . . . . . . 1 . Robots Hacked 17 | . . . . . . . . 3 2 . 9 3 Non-combat 1 | . . . . . . . . . 1 . . . Combat 16 | . . . . . . . . 3 1 . 9 3 Robot Hacks Applied 19 | . . . . . . . . 3 2 . 11 3 parse_system 5 | . . . . . . . . . . . 5 . find_garrison 1 | . . . . . . . . . . . . 1 amplify_resonance 1 | . . . . . . . . . . . . 1 overwrite_iff 6 | . . . . . . . . 3 . . 3 . streamctrl_high 1 | . . . . . . . . . . . 1 . formatsys_high 5 | . . . . . . . . . 2 . 2 1 Relay Couplers Released 27 | . . . . . . . 3 10 . . 14 . Machine Destruction 24 | . . . . . . . . 10 . . 14 . Programmers 3 | . . . . . . . 3 . . . . . Attached 9 | . . . . . . . . 3 2 . 4 . Fabnet Peak Effective % . | . . . . . . . . . . . . . Robots Rewired 13 | . . . . . . . . 3 . . 10 . Allies Hacked . | . . . . . . . . . . . . . Hacks Repelled . | . . . . . . . . . . . . . Allies | -11 -10 -10 -9 -9 -9 -8 -8 -8 -8 -7 -7 -7 -------- Run | Yrd Mat Min Mat Min Exi Min Mat Gar Mat Fac Gar Fac Total Allies 30 | . . . . . . . . 6 2 2 18 2 Largest Group 9 | . . . . . . . . 3 4 2 9 6 Highest-Rated Group 376 | . . . . . . . . 95 121 38 376 197 Highest-Rated Ally 95 | . . . . . . . . 39 39 19 95 55 Total Orders 3 | . . . . . . . . . . 1 . 2 ROAM 1 | . . . . . . . . . . 1 . . FOLLOW 1 | . . . . . . . . . . . . 1 AID 1 | . . . . . . . . . . . . 1 Ally Attacks 232 | . . . . . . . . 19 33 . 105 75 Total Damage 5872 | . . . . . . . . 315 642 . 2622 2293 Kills 51 | . . . . . . . . 6 6 . 21 18 Allies Corrupted 1 | . . . . . . . . . . . . 1 Allies Melted . | . . . . . . . . . . . . . Intel | -11 -10 -10 -9 -9 -9 -8 -8 -8 -8 -7 -7 -7 ------- Run | Yrd Mat Min Mat Min Exi Min Mat Gar Mat Fac Gar Fac Robot Analysis Total . | . . . . . . . . . . . . . Derelict Logs Recovered . | . . . . . . . . . . . . . Drone Launches . | . . . . . . . . . . . . . Drone Recoveries . | . . . . . . . . . . . . . Exploration | -11 -10 -10 -9 -9 -9 -8 -8 -8 -8 -7 -7 -7 ------------- Run | Yrd Mat Min Mat Min Exi Min Mat Gar Mat Fac Gar Fac Turns Passed 13640 | 2 552 62 676 180 700 1079 659 2230 1143 2130 3063 1164 Spaces Moved 4833 | 2 265 27 214 53 219 265 155 923 615 796 913 386 Core 92 | . 2 . 37 . . . . 51 . . 1 1 Treads 2961 | . 183 27 177 53 219 265 155 95 . 535 867 385 Legs 726 | 2 80 . . . . . . 599 . . 45 . Wheels 1054 | . . . . . . . . 178 615 261 . . Hover . | . . . . . . . . . . . . . Flight . | . . . . . . . . . . . . . Fastest Speed 50 | 120 120 160 50 320 320 320 320 120 150 120 240 246 Average Speed 231 | 120 148 231 253 320 320 320 320 186 156 208 290 251 Slowest Speed 2200 | 120 250 320 320 320 320 320 320 1650 210 245 2050 2200 Overloaded Moves . | . . . . . . . . . . . . . Propulsion Burnouts . | . . . . . . . . . . . . . Robots Hopped . | . . . . . . . . . . . . . Cave-ins Triggered . | . . . . . . . . . . . . . Exploration Rate (%) 39 | 2 71 12 17 12 60 36 16 85 66 23 96 18 Regions Visited 12 Branch Regions 4 Pre-discovered Areas . | . . . . . . . . . . . . . Known Exits Taken 3 | . . . 1 . . . 1 . . 1 . . Unknown Exits Taken 7 | 1 1 1 . 1 1 1 . . 1 . . . Scrap Searched 2 | . . 1 . . . 1 . . . . . . Spaces Dug 45 | . . . . . . . . 35 7 . 3 . Terrain Destroyed 697 | . . . 4 . . 35 28 121 118 139 78 174 Melee 38 | . . . . . . . . 33 5 . . . Projectile 57 | . . . . . . . 3 . 7 23 13 11 AOE 602 | . . . 4 . . 35 25 88 106 116 65 163 Terrain Rammed . | . . . . . . . . . . . . . Walls Destroyed . | . . . . . . . . . . . . . Machines Disabled . | . . . . . . . . . . . . . Actions | -11 -10 -10 -9 -9 -9 -8 -8 -8 -8 -7 -7 -7 --------- Run | Yrd Mat Min Mat Min Exi Min Mat Gar Mat Fac Gar Fac Total 6429 | 1 342 29 272 57 220 450 268 1205 760 1122 1180 523 Wait 707 | . 15 . 2 1 . 159 67 33 83 218 58 71 Move 4822 | 1 264 26 213 52 218 264 154 922 614 796 912 386 Hop . | . . . . . . . . . . . . . Pick Up 71 | . 2 . 7 . 2 2 6 17 6 7 22 . Fast Attach 51 | . 7 . 5 . . . 4 14 5 2 13 1 Attach 45 | . 2 . 2 . . . 2 15 6 10 6 2 Detach 28 | . . . 1 . . . . 11 7 2 7 . Swap 48 | . 2 1 . . . 2 4 3 8 4 16 8 Drop 61 | . 5 2 . . . . 5 12 5 6 22 4 Fire 433 | . 45 . 39 4 . 21 26 72 18 74 84 50 Melee 122 | . . . . . . . . 86 8 . 28 . Ram . | . . . . . . . . . . . . . Kick . | . . . . . . . . . . . . . Crush 10 | . . . 3 . . 2 . 1 . 3 . 1 Escape Stasis 31 | . . . . . . . . 19 . . 12 . Rewire . | . . . . . . . . . . . . . Trap . | . . . . . . . . . . . . . Miscellaneous . | . . . . . . . . . . . . . Route ------- -11/Scrapyard -10/Materials (discovered 3 exits: *Mat x2 / [*Min]) -10/Mines -9/Materials (discovered 4 exits: *Min x2 / Sto x2) -9/Mines -9/Exiles -8/Mines -8/Materials -8/Garrison (discovered 3 exits: *Mat x3) -8/Materials (discovered 2 exits: *Fac x2) -7/Factory (discovered 2 exits: [*Low] / Gar) -7/Garrison (discovered 4 exits: *Fac x4) -7/Factory History --------- Turn | Location | Event 1 | -11/Scrapyard | Discovered new exit (range 1) 3 | -11/Scrapyard | Entered Materials 217 | -10/Materials | Discovered new exit (range 16) 310 | -10/Materials | Build established: Mutant 435 | -10/Materials | Discovered new exit (range 16) 508 | -10/Materials | Discovered new exit (range 14) 555 | -10/Materials | Entered Mines 592 | -10/Mines | Discovered new exit (range 9) 617 | -10/Mines | Entered Materials 617 | -9/Materials | Evolved 2 slots: Utility x2 659 | -9/Materials | Discovered new exit (range 12) 903 | -9/Materials | Lost 4 parts (2n2w) 1168 | -9/Materials | Identified exit to Mines 1168 | -9/Materials | Identified exit to Storage 1177 | -9/Materials | Core integrity fell below 50% 1293 | -9/Materials | Entered Mines 1293 | -9/Mines | Discovered new exit (range 4) 1457 | -9/Mines | Deemed a non-threat by the Exiles lab entrance 1473 | -9/Mines | Entered Exiles 1560 | -9/Exiles | Met 8R-AWN 1608 | -9/Exiles | Met EX-HEX 1697 | -9/Exiles | Met EX-BIN 1736 | -9/Exiles | Aligned with FarCom system 1739 | -9/Exiles | Given EX-Vault access code 1813 | -9/Exiles | Opened EX-Vault 1825 | -9/Exiles | Found Superbattery 1833 | -9/Exiles | Found AWS/Thermal 1901 | -9/Exiles | Warned to stay clear of 0b10 Research branches 2000 | -9/Exiles | Met EX-DEC 2131 | -9/Exiles | Discovered new exit (range 14) 2173 | -9/Exiles | Stole two prototypes: Superbattery, AWS/Thermal 2173 | -9/Exiles | Entered Mines 2765 | -8/Mines | Destroyed 7 combat bots 3236 | -8/Mines | Discovered new exit (range 6) 3252 | -8/Mines | Entered Materials 3252 | -8/Materials | Evolved 2 slots: Utility x2 3568 | -8/Materials | Build established: Hacker-Mutant 3780 | -8/Materials | Identified exit to Garrison 3845 | -8/Materials | Garrison activated, responded to threat 3911 | -8/Materials | Entered Garrison 3951 | -8/Garrison | Triggered checkpoint 4012 | -8/Garrison | Garrison Relay disabled 4150 | -8/Garrison | Assembled breached garrison interior 4220 | -8/Garrison | Build established: Scavenger-Mutant 4237 | -8/Garrison | Phase Generator disabled 4359 | -8/Garrison | Lost 3 parts (2n1u) 4410 | -8/Garrison | AWS/Thermal suddenly broke down 4484 | -8/Garrison | Lost 4 parts (1p1u2w) 4513 | -8/Garrison | Destroyed 26 combat bots 4555 | -8/Garrison | Core integrity fell below 50% 4864 | -8/Garrison | Discovered new exit (range 10) 4964 | -8/Garrison | Garrison Relay disabled 5090 | -8/Garrison | Discovered new exit (range 5) 5168 | -8/Garrison | Garrison Relay disabled 5231 | -8/Garrison | Discovered new exit (range 23) 5231 | -8/Garrison | Discovered new exit (range 32) 5231 | -8/Garrison | Discovered new exit (range 55) 5309 | -8/Garrison | Installed Relay Interface Framework 6141 | -8/Garrison | Entered Materials 6141 | -8/Materials | Accompanied by 3 allies 6412 | -8/Materials | Discovered new exit (range 15) 6498 | -8/Materials | Lost 3 allies 6815 | -8/Materials | Build established: Mutant 7007 | -8/Materials | Repaired Hrd. Heavy Armor Plating 7060 | -8/Materials | Discovered new exit (range 16) 7100 | -8/Materials | Core integrity fell below 20% 7284 | -8/Materials | Entered Factory 7284 | -7/Factory | Evolved 2 slots: Propulsion x2 7286 | -7/Factory | FarCom data flow suspended 7455 | -7/Factory | Fabricated W-25 Informer (x2) 8884 | -7/Factory | First assault squad dispatched 9114 | -7/Factory | Lost 4 parts (1p1u2w) 9130 | -7/Factory | Destroyed 10 combat bots 9366 | -7/Factory | Discovered new exit (range 4) 9414 | -7/Factory | Identified exit to Garrison 9414 | -7/Factory | Entered Garrison 9556 | -7/Garrison | Triggered checkpoint 9660 | -7/Garrison | Lost 5 parts (1n2u2w) 9805 | -7/Garrison | Phase Generator disabled 9862 | -7/Garrison | Triggered checkpoint 9900 | -7/Garrison | Garrison Relay disabled 10369 | -7/Garrison | Build established: Commander-Mutant 10396 | -7/Garrison | Heavy support dispatched to Factory 10570 | -7/Garrison | Triggered checkpoint 10688 | -7/Garrison | Discovered new exit (range 9) 10850 | -7/Garrison | Build established: Scavenger-Mutant 10860 | -7/Garrison | Triggered checkpoint 10943 | -7/Garrison | Garrison Relay disabled 11029 | -7/Garrison | Found embedded Infiltrators 11129 | -7/Garrison | Spotted B-75 Beast 11162 | -7/Garrison | Allies destroyed B-75 Beast 11256 | -7/Garrison | Build established: Bothacker-Mutant 11510 | -7/Garrison | Triggered checkpoint 11539 | -7/Garrison | Garrison Relay disabled 11548 | -7/Garrison | Heavy support dispatched to Factory 11644 | -7/Garrison | Discovered new exit (range 15) 11814 | -7/Garrison | Heavy support dispatched to Factory 11923 | -7/Garrison | H-XX Assembler disabled 12138 | -7/Garrison | Triggered checkpoint 12202 | -7/Garrison | Triggered checkpoint 12221 | -7/Garrison | Discovered new exit (range 3) 12410 | -7/Garrison | Discovered new exit (range 12) 12432 | -7/Garrison | Expanded RIF knowledge: Signal Jamming 12477 | -7/Garrison | Entered Factory 12477 | -7/Factory | Accompanied by 5 allies 12590 | -7/Factory | Fabricated M-13 Machinist? 13277 | -7/Factory | First assault squad dispatched 13386 | -7/Factory | Core integrity fell below 50% 13392 | -7/Factory | High security lockdown imminent 13432 | -7/Factory | Destroyed 10 combat bots 13432 | -7/Factory | Lost 6 allies 13472 | -7/Factory | High security lockdown engaged 13627 | -7/Factory | Core integrity fell below 20% 13642 | -7/Factory | Core destroyed Last Messages --------------- 13632_ Crushed L-41 Fighter. 13632_ L-41 Fighter destroyed. 13634_ The unstable cave ceiling collapses. 13634_ 17 Matter crushed. 13637_ Micro-nuke Launcher broken. 13637_ Overheating: Short circuit. 13637_ Arm. Treads destroyed. 13638_ Overheating: Energy bleed (-63). 13639_ Arm. Treads broken. 13639_ Overheating: Short circuit. 13640_ Acquired 54 matter. 13641_ Overheating: Imp. Medium Armor Plating damaged (-22). 13641_ Overheating: Matter Neutralizer damaged (-100). 13641_ Overheating: Antimatter Reactor damaged (-19). 13641_ Overheating: Broken Arm. Treads damaged (-2). 13642_ Overheating: Core damaged (-126). Map ----- +----------------------------------------------------+ | ?????????????????????????????????????????# | | ?????????????????????????????????????????# | | ?????????????????????????????????????????# | | ?????????????????????????????????????????# ! | | ?????????????????????????????????????????# | | ?????????????????????????????????????????# | | ?????????????????????????????????????????# | | ?????????????????????????????????????????# | | ?????????????????????????????????????????# | | ?????????????????????????????????????????# ! | | ?????????????????????????????????????????# | | ??????????????????????????????????????#### | | ?????????????????????????############## # # | | ?????????????????????????# | | ?????????????????????????# | | ?????????????????????????# | | ?????????????????????????# """ " = ! | | ?????????????????????????# """ " * | | ?????????????????????????# """ =%/ | | ?????????#######?????????# " % = | | ????????? ????????# " ### | | ???????? ###????# # ## | | ???????? # ###?# i[ # | | ???????# # #?# # # | | ????# # ## = # #### ##### | | ????#"%% p[!@= #?### | | ????### # # = ### *!= ? | | ??????? # # [%%% "" | | ???????? # # """ # ""S | | ???????? % = # """ # "" | | ?????????# # %= # " """ # | | ?????????#??# % "" "" #? | | ????????????# "" "" #? | | ????????????# ^ # | | ???????????# """ """ """ # """""? | | ???????????## """ """ """ + """""? | | ????????????# """ """ """ # """""? | | ????????????# ! "" # """""? | | ????????????# ! "" #? ? | | ################## #?"""""" | | """ """ """ #??""""" | | """ """ """ #??""""? | | """ """ """ #???""?? | | "" "" #??????? | | = "" "" #??????? | | """" """" #??????? | | """" """" """T""" #??????? | | """" """" ####+#######################??????? | | """" """" # #??????????????? | | """" """" # ! #??????????????? | +----------------------------------------------------+ Best States ------------- Heat Dissipation 72 Coolant Potential 80 Energy Generation 21 Energy Capacity 325 Matter Stores 300 Matter Capacity 300 Sight Range 16 Terrain Scan Density 10 Base Temperature (-) 100 Armor Coverage 900 Resistance: TH 10 Resistance: EM 15 Core Shielding 20 Evasion (%) 55 Melee Accuracy 5 Target Analysis 8 Core Analysis 6 Recoil Reduction 4 Offensive Hacking 20 Relay Coupler Types 2 Relay Coupler Value 57 Item Schematics ----------------- None Robot Schematics ------------------ M-13 Machinist | -9/Materials | Hacked Fabricated ------------ W-25 Informer | x2 | -7/Factory | Preloaded M-13 Machinist | x1 | -7/Factory Alien Tech Used ----------------- None Achievements -------------- Killing Spree Challenges ------------ None Game ------ Seed VampiricExplosiveUnit Manual? 0 Play Time 01:33:45 Cumulative 85.4 hours Start 2024.11.10 @ 03:55:21 End 2024.11.10 @ 06:41:00 Sessions 3 Manual Loads 0 Difficulty Rogue Special Mode None Game No. 69 Rogue 51 Adventurer 16 Explorer 2 Win Type - Total 3 Types 3/0/0/0/0/0/0/0/0 Lore% 15 Gallery% 52 Achievement% 49 Wizard Run 0 Options --------- Layout 2 ASCII 0 Keyboard 0 Movement Numpad Keybinds 1 Fullscreen 1 Font 24/Terminus Map View 50x44 Zoom Use 0% Tactical HUD 1 Map Filters NONE Filters NONE Steam 1 RUN: 5a0b7f46-599c-42ab-8b6b-933236fc5be6